 Dungeon Sprint DCSS version 0.26-a0-638-gcca6ad1b57 (webtiles) character file.

Game seed: 6902621489344305363

10 Conn the Magician (level 2, -2/17 HPs)
             Began as an Octopode Hedge Wizard on Sept 13, 2020.
             Slain by a crocodile (19 damage)
             ... in the Dungeon (Sprint II: "The Violet Keep of Menkaure").
             The game lasted 00:02:47 (73 turns).

Conn the Magician (Octopode Hedge Wizard)             Turns: 73, Time: 00:02:47

Health: -2/17      AC:  1    Str: 13    XL:     2   Next: 20%
Magic:  7/7        EV: 13    Int: 16    God:
Gold:   26         SH:  0    Dex: 11    Spells: 4/9 levels left

rFire    . . .     SeeInvis .   c - +2 dagger "Ekkaveim" {venom, +Rage Str+4}
rCold    . . .     Faith    .   (no shield)
rNeg     . . .     Spirit   .   b - +0 hat
rPois    .         Reflect  .   (no amulet)
rElec    .         Harm     .   (no ring)
rCorr    .         Rampage  .   (no ring)
MR       .....     NoTele   +   (no ring)
Stlth    ++++......             (no ring)
HPRegen  0.05/turn              (no ring)
MPRegen  0.10/turn              (no ring)
                                (no ring)
                                (no ring)

@: no status effects
A: almost no armour, stealthy swim, amphibious, 8 rings, constrict 8, camouflage
1, gelatinous body 1
a: Evoke Berserk Rage


You were in the Dungeon.
You visited 1 branch You collected 243 gold pieces.
You spent 217 gold pieces at shops.

Inventory:

Hand Weapons
 a - a +0 dagger
 c - the +2 dagger "Ekkaveim" (weapon) {venom, +Rage Str+4}
   (You bought it in a shop in the Dungeon)

   It poisons the flesh of those it strikes.
   It affects your strength (+4).
   It lets you go berserk.
Armour
 b - a +0 hat (worn)
Scrolls
 h - a scroll of fear
 i - a scroll of blinking
Potions
 d - a potion of curing
 e - a potion of heal wounds
 f - a potion of haste
 g - 2 potions of magic


   Skills:
 * Level 0.1 Fighting
 + Level 0.4 Short Blades
 + Level 2.6 Dodging
 + Level 3.2 Stealth
 * Level 4.4 Spellcasting
 * Level 1.0 Conjurations
 + Level 1.0 Summonings
 + Level 1.0 Translocations


You had 4 spell levels left.
You knew the following spells:

 Your Spells              Type           Power        Failure   Level
a - Magic Dart            Conj           #...         11%         1
b - Blink                 Tloc           N/A          16%         2
c - Call Imp              Summ           #.......     16%         2

Your spell library contained the following spells:

 Spells                   Type           Power        Failure   Level
 Slow                     Hex            #.......     24%         2
 Conjure Flame            Conj/Fire      #.......     36%         3
 Mephitic Cloud           Conj/Pois/Air  #.......     38%         3


Dungeon Overview and Level Annotations

Branches:
Dungeon (1/1)

Altars:

Shops:
D ==:*!?(!?![(:}[

Annotations:
D exclusion: oklob plant


Innate Abilities, Weirdness & Mutations

You cannot wear most types of armour.
You are very stealthy in the water. (Stealth+)
You are amphibious.
You can wear up to eight rings at the same time.
You can use your tentacles to constrict eight enemies at once.
Your skin changes colour to match your surroundings (Stealth+).
Your rubbery body absorbs attacks. (AC +1, EV +1)


Message History

There is an entrance to Ugho's Jewellery Emporium here.
Found a scythe.
There is an entrance to Ynoxorph's Distillery here.
The flying skull gives a hideous shriek!
You hear a hideous shriek! x2
The death yak snorts and paws the ground.
Found a dagger.
There is an entrance to Imec's Jewellery Shoppe here.
There is an entrance to Ynoxorph's Distillery here.
There is an entrance to Cuhaehi's Antique Weapon Shoppe here.
There is an entrance to Etikkotwij's Magic Scroll Shoppe here.
There is an entrance to Luucid's Distillery here.
There is an entrance to Wempi's Antique Weapon Emporium here.
There is an entrance to Liuggi's Gadget Shoppe here.
There is an entrance to Cippo's Antique Armour Emporium here.
You open the door.
There is an open door here.
You closely miss the crocodile. The crocodile bites you!!
Ouch! That really hurt!
You die...

### #≈## ≈
############≈≈#+++#
###########≈≈≈....
##........#≈≈≈≈.## ##
##....⌠...#≈≈≈≈##$
.##
##...∩.∩..#≈≈≈≈#.w w.
##..∩.∩.∩.#≈t### .#.
##.∩.∩.∩..#@##.###+#
##∩.∩...∩.#≈###.##.##
##.∩.....∩'≈'.##†.<.+
##∩.......#≈#...##.##
#▓▓▓▓▓▓▓###≈##.###+#
##)ah######≈≈###
#$ah#Y) ##≈≈≈
#∩P?+$(#+ +#≈#
#?$.#[##§ ≈≈#


You could see 2 hell hogs and a crocodile.

Vanquished Creatures
  3 worms (D)
3 creatures vanquished.

Vanquished Creatures (others)
  Menkaure (D)
1 creature vanquished.

Grand Total: 4 creatures vanquished

Notes
Turn   | Place    | Note
-------+----------+-------------------------------------------
     0 | D        | Conn the Octopode Hedge Wizard began the quest for the Orb.
     0 | D        | Reached XP level 1. HP: 11/11 MP: 4/4
     1 | D        | Noticed a tyrant leech
     1 | D        | Noticed a tyrant leech
    10 | D        | Reached skill level 4 in Spellcasting
    10 | D        | Reached XP level 2. HP: 17/17 MP: 5/7
    30 | D        | Learned a level 2 spell: Blink
    33 | D        | Learned a level 2 spell: Call Imp
    36 | D        | Found Liuggi's Gadget Shoppe.
    36 | D        | Found Wempi's Antique Weapon Emporium.
    36 | D        | Found Hasmetz's Book Emporium.
    36 | D        | Found Luucid's Distillery.
    36 | D        | Found Hirgh's Antique Armour Shoppe.
    37 | D        | Found Etikkotwij's Magic Scroll Shoppe.
    37 | D        | Found Peele's Distillery.
    38 | D        | Found Cuhaehi's Antique Weapon Shoppe.
    38 | D        | Found Weceiv's Magic Scroll Emporium.
    39 | D        | Found Cippo's Antique Armour Emporium.
    39 | D        | Noticed a hell hog
    40 | D        | Found Ynoxorph's Distillery.
    40 | D        | Found Silad's General Store.
    40 | D        | Noticed a crocodile
    40 | D        | Noticed a hell hog
    40 | D        | Noticed an oklob plant
    41 | D        | Found Imec's Jewellery Shoppe.
    41 | D        | Found Ugho's Jewellery Emporium.
    41 | D        | Found Masch's Book Shoppe.
    42 | D        | Noticed a soldier ant
    42 | D        | Noticed a soldier ant
    44 | D        | Noticed a soldier ant
    50 | D        | Noticed a death yak
    53 | D        | Bought a smoking dagger for 182 gold pieces
    53 | D        | Identified the +2 dagger "Ekkaveim" {venom, +Rage Str+4}
                  | (You bought it in a shop in the Dungeon)
    56 | D        | Bought a scroll of fear for 35 gold pieces
    59 | D        | Noticed a flying skull
    59 | D        | Noticed a flying skull
    59 | D        | Killed Menkaure
    73 | D        | Slain by a crocodile

Illustrated notes

Levels and vault maps discovered:
D:        the_violet_keep_of_menkaure [sprint2_stairs_cluster_1,
          sprint2_shoproom, sprint2_temple, sprint2_basic_supplies,
          sprint2_obstacle_3, sprint2_obstacle_6, sprint2_obstacle_7,
          sprint2_obstacle_1, sprint2_obstacle_4, sprint2_timed_cluster_1,
          sprint2_smallroom_cluster_1, sprint2_smallroom_final_cluster_1,
          sprint2_transparent_cluster_1, sprint2_second_timed_cluster_1,
          sprint2_sniper_area_1, sprint2_heavy_combat_area_1,
          sprint2_mutation_trap_area_1, sprint2_forest_area_1,
          sprint2_light_combat_area_1, sprint2_behind_water_1,
          sprint2_near_end_vault_1]

Skill      XL: |  1 |
---------------+----+-----
Stealth        | 3 |  3.2
Spellcasting   | 4 |  4.4
Fighting       | |  0.1
Short Blades   | |  0.4
Dodging        | |  2.6
Conjurations   | |  1.0
Summonings     | |  1.0
Translocations | |  1.0

Action                   || total
-------------------------++-------
Melee: Dagger            ||     9
       Constrict         ||     3
       Tentacles         ||     1
  Use: Potion            ||     1
Dodge: Dodged            ||     1

Table legend: (Time is in decaauts)
 A = Elapsed time spent in this place.
 B = Non-inter-level travel time spent in this place.
 C = Inter-level travel time spent in this place.
 D = Time resting spent in this place.
 E = Time spent auto-exploring this place.
 F = Levels seen in this place.
 G = Mean time per level.
                   A        B        C        D        E       F      G
               +--------+--------+--------+--------+--------+-----+--------+
         Total |     77 |     77 |      0 |      0 |      0 |   1 |   77.0 |
       Dungeon |     77 |     77 |      0 |      0 |      0 |   1 |   77.0 |
               +--------+--------+--------+--------+--------+-----+--------+

Top non-repeatable levels by time:
       D: 77 daAuts
